Map: Ever Dream LE

Players

Sen - Winner!

  • Race: Zerg Zerg
  • League: Grandmaster
  • Spawn Location: 1:00

GogojOey

  • Race: Zerg Zerg
  • Spawn Location: 7:00

Event: DreamHack SC2 Masters 2020 Summer TwHkMoJp

VOD

Have the link to the VOD?

Description

Time

  • Played on: June 24, 2020, 8:18 a.m.
  • Length: 11:21

All games in this series

Show
View Real Time Build Order
Export as new Build Order

Sen Zerg - Winner!

Build Orders: Hatch First, Roach Hydra 

Get SALT Encoding   

  12  0:01  Drone  
  13  0:12  Overlord  
  13  0:16  Drone  
  14  0:30  Drone x2  
  14  0:35  Drone  
  17  0:51  Hatchery  
  17  0:54  Drone  
  17  0:57  Drone  
  18  1:08  Extractor  
  17  1:12  Spawning Pool  
  17  1:15  Drone  
  17  1:18  Drone  
  18  1:28  Drone  
  19  1:43  Overlord  
  19  1:49  Drone  
  20  1:59  Queen  
  22  2:01  Zergling x2  
  22  2:03  Queen  
  22  2:04  Zergling x2  
  26  2:09  Metabolic Boost  
  26  2:11  Zergling x2  
  27  2:15  Zergling x2  
  28  2:27  Drone x2  
  29  2:38  Overlord  
  29  2:40  Queen  
  31  2:47  Drone x3  
  34  2:54  Lair  
  33  3:00  Drone x2  
  35  3:06  Drone  
  35  3:08  Drone  
  35  3:09  Extractor  
  35  3:10  Drone  
  37  3:14  Evolution Chamber  
  36  3:23  Drone x6  
  42  3:36  Roach Warren  
  42  3:37  Drone x2  
  43  3:43  Overlord  
  43  3:51  Extractor  
  43  3:52  Extractor  
  41  3:56  Drone  
  41  3:57  Drone x2  
  41  3:58  Spire  
  41  4:00  Drone  
  44  4:04  Drone  
  44  4:05  Drone x3  
  44  4:07  Drone  
  49  4:12  Drone  
  49  4:13  Drone  
  51  4:18  Zerg Missile Weapons Level 1  
  51  4:28  Overlord  
  51  4:36  Drone  
  51  4:37  Overlord  
  52  4:40  Glial Reconstitution  
  52  4:46  Overlord  
  52  4:48  Hatchery  
  51  4:53  Zergling x6  
  51  4:56  Zergling x4  
  51  4:57  Drone  
  57  5:11  Mutalisk x4  
  65  5:17  Mutalisk  
  65  5:19  Overlord x2  
  67  5:25  Mutalisk  
  67  5:28  Overlord  
  69  5:42  Mutalisk  
  69  5:43  Mutalisk  
  71  5:50  Mutalisk  
  71  5:52  Drone x7  
  75  5:59  Roach x2  
  79  6:05  Evolution Chamber, Roach  
  79  6:06  Roach  
  79  6:10  Overlord  
  90  6:11  Roach x4  
  91  6:23  Roach x5  
  99  6:28  Roach x2  
  102  6:37  Overlord  
  102  6:39  Overlord  
  102  6:42  Overseer  
  102  6:44  Roach x4  
  110  7:11  Hydralisk Den, Drone x8  
  110  7:12  Drone  
  110  7:14  Corruptor x2  
  122  7:25  Overlord x2  
  122  7:28  Extractor  
  121  7:30  Extractor  
  114  7:39  Corruptor x2  
  110  7:49  Overlord  
  110  7:50  Drone, Muscular Augments  
  110  7:51  Drone x7  
  98  8:01  Corruptor x2  
  98  8:03  Zergling x16  
  102  8:07  Spore Crawler  
  101  8:13  Hydralisk, Spore Crawler  
  101  8:14  Hydralisk x3  
  108  8:23  Hydralisk  
  108  8:24  Hydralisk x2  
  114  8:33  Hydralisk x3  
  116  8:35  Overlord  
  116  8:37  Spore Crawler  
  119  8:42  Overlord x2  
  119  8:47  Queen  
  119  8:50  Overlord  
  119  8:58  Hydralisk x4  
  119  9:02  Grooved Spines  
  127  9:06  Roach x3  
  133  9:12  Roach  
  133  9:13  Roach x3  
  141  9:22  Hydralisk  
  141  9:23  Hydralisk x2  
  147  9:30  Queen  
  143  9:38  Roach x6  
  149  9:50  Hydralisk x5  
  154  10:05  Hydralisk  
  154  10:06  Hydralisk x4  
  158  10:07  Zergling x4  
  158  10:08  Zergling x2  
  139  10:15  Hydralisk x2  
  127  10:23  Hydralisk x3  
  125  10:36  Hydralisk  
  125  10:37  Hydralisk x3  
  131  10:45  Hydralisk x3  
  121  11:02  Hatchery  
Show
View Real Time Build Order
Export as new Build Order

GogojOey Zerg 

Build Orders: Pool First 

Get SALT Encoding   

  12  0:00  Drone  
  13  0:12  Overlord  
  13  0:16  Drone  
  14  0:30  Drone  
  14  0:31  Drone  
  16  0:40  Spawning Pool  
  15  0:44  Drone  
  15  0:47  Drone  
  17  1:08  Hatchery  
  17  1:10  Drone  
  17  1:24  Extractor  
  16  1:27  Zergling x4  
  16  1:28  Zergling x2  
  19  1:33  Queen  
  19  1:38  Overlord  
  21  1:49  Drone  
  22  2:00  Drone  
  23  2:09  Queen  
  23  2:13  Drone  
  26  2:20  Drone, Queen  
  26  2:22  Drone  
  30  2:32  Metabolic Boost  
  30  2:37  Drone x2  
  30  2:42  Overlord  
  30  2:43  Drone x2  
  33  2:53  Drone x2  
  35  3:03  Drone  
  36  3:11  Baneling Nest  
  35  3:13  Zergling x2  
  35  3:14  Zergling x6  
  39  3:21  Drone  
  39  3:23  Overlord  
  39  3:26  Drone x3  
  41  3:37  Evolution Chamber, Drone x3  
  44  3:44  Drone  
  44  3:48  Drone x2  
  44  3:49  Drone  
  47  3:57  Overlord  
  47  4:01  Drone  
  47  4:02  Hatchery, Drone  
  48  4:03  Roach Warren  
  48  4:07  Drone  
  48  4:13  Lair  
  48  4:14  Drone  
  49  4:19  Drone x2  
  49  4:22  Drone x2  
  52  4:27  Drone  
  52  4:28  Drone  
  52  4:29  Extractor  
  52  4:30  Zerg Melee Weapons Level 1, Extractor  
  50  4:32  Overlord  
  50  4:37  Zergling x6  
  50  4:38  Zergling x4  
  54  4:42  Extractor  
  53  4:47  Drone  
  53  4:48  Drone  
  53  4:50  Roach  
  57  4:54  Queen  
  59  5:07  Drone x2  
  59  5:10  Overlord x2  
  61  5:16  Drone  
  61  5:17  Extractor, Spire  
  61  5:19  Zergling x8  
  64  5:21  Extractor  
  64  5:25  Zergling x6  
  64  5:26  Drone, Zergling x2  
  64  5:27  Drone  
  70  5:28  Drone  
  70  5:35  Overlord  
  71  5:36  Queen  
  72  5:51  Drone x3  
  72  5:52  Drone x4  
  72  5:53  Drone x3  
  81  6:07  Overlord x3  
  74  6:28  Mutalisk x7, Extractor  
  74  6:29  Zerg Flyer Armor Level 1  
  74  6:31  Mutalisk  
  84  6:34  Mutalisk  
  84  6:37  Mutalisk  
  88  6:43  Mutalisk  
  88  6:45  Zergling x10  
  93  6:50  Mutalisk  
  93  6:52  Zergling x8  
  96  7:06  Mutalisk  
  96  7:07  Mutalisk, Drone  
  100  7:15  Mutalisk  
  100  7:17  Overlord x2  
  100  7:18  Zergling x8  
  100  7:19  Overlord  
  105  7:24  Overlord  
  105  7:33  Overlord  
  105  7:35  Mutalisk x3  
  100  7:43  Mutalisk  
  84  7:45  Zergling x10  
  83  7:54  Mutalisk  
  77  8:05  Drone x4  
  77  8:06  Drone x3  
  77  8:10  Drone x2  
  85  8:19  Mutalisk  
  87  8:21  Mutalisk  
  87  8:26  Mutalisk  
  89  8:37  Drone  
  89  8:38  Drone x4  
  89  8:39  Drone  
  95  8:47  Mutalisk  
  95  8:48  Mutalisk  
  99  8:50  Zergling x2  
  100  9:07  Mutalisk x2  
  104  9:11  Zerg Flyer Weapons Level 1  
  104  9:12  Zergling x6  
  107  9:18  Mutalisk  
  107  9:19  Zergling x2  
  110  9:31  Mutalisk x2  
  105  9:33  Zergling x8  
  104  9:43  Drone x5  
  102  9:48  Drone x2  
  95  10:10  Mutalisk x3  
  73  10:14  Mutalisk  
  62  10:25  Mutalisk  
  38  10:47  Drone x2  
Tags
 
Add a new tag
Caveats
  • Supply blocks, unpowered buildings, or Contaminate may cause inaccurate times.
  • Supply counts are checked every 10 seconds.